 Dungeon Crawl Stone Soup version 0.22-b1-59-g0aedee7 (webtiles) character file.

1728 goulibeur the Schismatic (level 8, -1/64 HPs)
             Began as a Demonspawn Abyssal Knight on Aug 9, 2018.
             Was an Elder of Lugonu.
             Killed from afar by an orc wizard (5 damage)
             ... with a puff of frost
             ... on level 7 of the Dungeon.
             The game lasted 00:28:11 (7071 turns).

goulibeur the Schismatic (DsAK)                     Turns: 7071, Time: 00:28:12

Health: -1/64      AC:  8    Str: 13    XL:     8   Next: 76%
Magic:  15/15      EV: 13    Int: 14    God:    Lugonu [****..]
Gold:   240        SH:  6    Dex: 14    Spells: 7/7 levels left

rFire    . . .     SeeInvis +   y - +0 trident (protect)
rCold    . . .     Gourm    .   (no shield)
rNeg     + . .     Faith    .   K - +0 ring mail (curse)
rPois    .         Spirit   .   (no helmet)
rElec    .         Reflect  +   (no cloak)
rCorr    .         Harm     .   (no gloves)
MR       +....                  H - +0 pair of boots
Stlth    +.........             i - +6 amulet of reflection
HPRegen  0.20/turn              e - ring of see invisible
MPRegen  0.14/turn              L - ring of the Lion {rN+ MR+ AC+1}

@: no status effects
A: talons 1, demonic guardian 1, foul stench 1, rot immunity
a: Depart the Abyss, Bend Space, Banish, Corrupt, Renounce Religion


You were on level 7 of the Dungeon.
You worshipped Lugonu.
Lugonu was greatly pleased with you.
You were very hungry.

You visited 1 branch of the dungeon, and saw 7 of its levels.
You visited the Abyss 1 time.
You also visited: Ossuary.

You collected 390 gold pieces.
You spent 150 gold pieces at shops.

Inventory:

Hand Weapons
 a - a +1 short sword
 j - a +0 short sword of protection
 k - a +1 whip of electrocution
 q - a +0 short sword of electrocution
 y - a +0 trident of protection (weapon)
Armour
 b - a +0 leather armour
 g - a +0 ring mail
 p - a +1 scale mail
 H - a +0 pair of boots (worn)
 I - a +0 cloak
 K - a cursed +0 ring mail (worn)
Jewellery
 e - a ring of see invisible (left hand)
 f - an uncursed ring of protection from cold
 i - a +6 amulet of reflection (around neck)
 G - an uncursed amulet of magic regeneration {unknown}
 L - the ring of the Lion (right hand) {rN+ MR+ AC+1}
   (You bought it in a shop on level 6 of the Dungeon)

   [ring of protection]

   It affects your AC (+1).
   It protects you from negative energy.
   It affects your resistance to hostile enchantments.
Wands
 o - a wand of disintegration (8)
Scrolls
 h - 3 scrolls of remove curse
 r - 2 scrolls of fog
 x - 2 scrolls of amnesia
 A - a scroll of identify
 C - a scroll of magic mapping
 E - 3 scrolls of teleportation
 J - a scroll of noise {unknown}
Potions
 d - 2 potions of curing
 l - 3 potions of haste
 m - 2 potions of magic
 n - a potion of agility
 s - a potion of mutation
 t - a potion of might
 u - 2 potions of brilliance
 v - a potion of heal wounds {unknown}
 w - a potion of degeneration {unknown}
 z - 2 potions of invisibility
 B - 2 potions of resistance
 D - a potion of lignification {unknown}
 F - a potion of berserk rage
Comestibles
 c - 16 rations


   Skills:
 + Level 5.8 Fighting
 - Level 1.7 Short Blades
 + Level 4.8 Armour
 + Level 4.5 Dodging
 * Level 9.6 Invocations


You had 7 spell levels left.
You didn't know any spells.
Your spell library contained the following spells:

 Spells                   Type           Power        Failure   Level  Hunger
 Fireball                 Conj/Fire      #.........   100%        5    ######.
 Conjure Flame            Conj/Fire      #.......     86%         3    ####...
 Throw Flame              Conj/Fire      #.....       65%         2    ###....
 Sticky Flame             Conj/Fire      #.......     99%         4    #####..
 Flame Tongue             Conj/Fire      #....        50%         1    ##.....
 Inner Flame              Hex/Fire       #.......     86%         3    ####...


Dungeon Overview and Level Annotations

Branches:
Dungeon (7/15)             Temple (0/1) D:5

Altars:
Fedhas
Gozag
Okawaru
Trog

Shops:
D:6 *


Innate Abilities, Weirdness & Mutations

You have sharp toenails.
A weak demonic guardian rushes to your aid.
You may emit foul miasma when damaged in melee.
You are immune to rotting.


Message History

The orc wizard points at you and mumbles some strange words.
The puff of flame hits you!
You closely miss the orc wizard.
The orc wizard is almost dead.
The orc wizard casts a spell at you. The puff of flame hits you!
* * * LOW HITPOINT WARNING * * *
The orc wizard hits you but does no damage.
You closely miss the orc wizard.
The orc wizard is almost dead.
The orc wizard gestures at you while chanting.
The puff of frost hits you!
* * * LOW HITPOINT WARNING * * *
The orc wizard begins to cast a cantrip, but forgets the words!
Your ring mail prevents you from hitting the orc wizard.
The orc wizard is almost dead.
The orc wizard looks satisfied for a moment.
The orc wizard gestures at you while chanting.
The puff of frost hits you!
You die...

.# .# #.#####
.... .......
o..###......#
#..#......#
#..#.####.# #
..#%# #. #.#@#
####.###.#o#
.........hh#
####....###
#....#
####h##.#######
...h...........
.....##†#######
########.#


You could see an orc wizard and 2 jackals.

Vanquished Creatures
  The ghost of Thaneod the Firebug, an amateur DEFE of Vehumet (D:4)
  A sky beast (D:7)
  3 centaurs
  A bullfrog (D:7)
  5 water moccasin zombies (Ossuary)
  A scorpion (D:6)
  3 howler monkeys (D:7)
  A crimson imp (D:6)
  A centaur skeleton (D:6)
  4 hounds
  A bullfrog skeleton (D:5)
  3 orc wizards
  An iguana (D:5)
  3 worker ants
  A big kobold zombie (Ossuary)
  2 mummies (Ossuary)
  A howler monkey zombie (D:6)
  A worker ant zombie (D:5)
  A gnoll (D:5)
  4 adders
  3 shadow imps (D:5)
  2 oozes
  2 adder skeletons
  4 adder zombies (Ossuary)
  5 worms
  4 dart slugs
  10 leopard geckos
  16 orcs
  2 ball pythons
  5 bats
  5 giant cockroaches
  4 gnoll zombies (Ossuary)
  7 goblins
  11 hobgoblins
  10 jackals
  4 quokkas
  7 frilled lizards
  A jackal skeleton (D:5)
  6 kobolds
  2 kobold zombies (Ossuary)
  6 orc zombies (Ossuary)
  A quokka zombie (D:5)
  6 rats
162 creatures vanquished.

Vanquished Creatures (collateral kills)
  A scorpion (D:5)
  A hound (D:4)
  An orc wizard (D:7)
  An adder (D:4)
  2 leopard geckos
  3 gnoll zombies (Ossuary)
  A hobgoblin zombie (Ossuary)
  A kobold zombie (Ossuary)
  2 orc zombies (Ossuary)
13 creatures vanquished.

Vanquished Creatures (others)
  An ogre (D:7)
1 creature vanquished.

Grand Total: 176 creatures vanquished

Notes
Turn   | Place    | Note
-------+----------+-------------------------------------------
     0 | Abyss:1  | goulibeur the Demonspawn Abyssal Knight began the quest for the Orb.
     0 | Abyss:1  | Reached XP level 1. HP: 18/18 MP: 2/2
    41 | Abyss:1  | Noticed a white very ugly thing
    42 | D:1      | Escaped the Abyss
    56 | D:1      | Reached skill level 1 in Dodging
   351 | D:1      | Reached skill level 3 in Invocations
   351 | D:1      | Gained mutation: A weak demonic guardian rushes to your aid. [demonic ancestry]
   351 | D:1      | Reached XP level 2. HP: 16/24 MP: 2/4
   798 | D:1      | Reached * piety under Lugonu
  1037 | D:1      | Gained mutation: You have sharp toenails. [demonic ancestry]
  1037 | D:1      | Reached XP level 3. HP: 26/29 MP: 5/5
  1755 | D:2      | Reached skill level 4 in Invocations
  1755 | D:2      | Gained mutation: You are immune to rotting. [demonic ancestry]
  1755 | D:2      | Reached XP level 4. HP: 35/35 MP: 5/7
  2183 | D:2      | Reached ** piety under Lugonu
  3398 | D:4      | Reached XP level 5. HP: 34/42 MP: 8/8
  3424 | D:4      | Found a runed gate.
  3424 | D:4      | Found a runed gate.
  3565 | D:4      | Found a runed gate.
  3565 | D:4      | Found an opulent altar of Gozag.
  3597 | D:4      | Reached skill level 5 in Invocations
  3691 | D:4      | You fall through a shaft!
  3691 | D:5      | Entered Level 5 of the Dungeon
  3921 | D:5      | Found a sand-covered staircase.
  3931 | Ossuary  | Entered an ossuary
  4130 | Ossuary  | Reached *** piety under Lugonu
  4130 | Ossuary  | Gained mutation: You may emit foul miasma when damaged in melee. [demonic ancestry]
  4130 | Ossuary  | Reached XP level 6. HP: 41/48 MP: 10/10
  4202 | Ossuary  | Reached skill level 6 in Invocations
  4296 | Ossuary  | Reached XP level 7. HP: 37/55 MP: 11/11
  4673 | D:5      | Reached skill level 7 in Invocations
  4981 | D:4      | Noticed Thaneod's ghost (amateur DEFE)
  5005 | D:4      | Killed Thaneod's ghost
  5199 | D:5      | Found a bloodstained altar of Trog.
  5200 | D:5      | Found an iron altar of Okawaru.
  5320 | D:5      | Found a blossoming altar of Fedhas.
  5322 | D:5      | Reached **** piety under Lugonu
  5328 | D:5      | Reached skill level 5 in Fighting
  5328 | D:5      | Reached skill level 8 in Invocations
  5331 | D:5      | Found a staircase to the Ecumenical Temple.
  5338 | D:5      | Reached XP level 8. HP: 37/62 MP: 14/14
  6559 | D:6      | Reached skill level 9 in Invocations
  6787 | D:6      | Found Ariuryob's Assorted Antiques.
  6796 | D:6      | Bought a warped jade ring for 150 gold pieces
  6796 | D:6      | Identified the ring of the Lion {rN+ MR+ AC+1} (You bought it in a shop on level 6 of the Dungeon)
  7070 | D:7      | HP: 3/64 [orc wizard/puff of frost (10)]
  7071 | D:7      | Killed from afar by an orc wizard

Skill      XL: |  1  2  3  4  5  6  7  8 |
---------------+-------------------------+-----
Dodging        | 1 2 3 4 |  4.5
Invocations    | 3 4 5 6 8 9 |  9.6
Armour         | 2 3 4 |  4.8
Fighting       | 4 5 |  5.8
Short Blades   | |  1.7

Action                   |  1- 3 |  4- 6 |  7- 9 || total
-------------------------+-------+-------+-------++-------
Melee: Short sword       |   155 |   109 |       ||   264
       Kick              |    20 |    55 |    44 ||   119
       Whip              |       |   126 |    63 ||   189
       Trident           |       |       |   398 ||   398
Invok: Depart the Abyss  |     1 |       |       ||     1
       Banish            |       |       |     1 ||     1
  Use: Scroll            |     4 |     5 |     6 ||    15
 Stab: Sleeping          |     1 |       |       ||     1
       Distracted        |       |       |     1 ||     1
  Eat: Chunk             |     3 |     7 |     7 ||    17
       Ration            |       |       |     1 ||     1
Armor: Leather armour    |    18 |       |       ||    18
       Ring mail         |    26 |    44 |    57 ||   127
       Scale mail        |       |    33 |   140 ||   173
Dodge: Dodged            |    68 |   108 |   222 ||   398
Block: Other             |     7 |    66 |   125 ||   198
       Reflection        |       |     2 |       ||     2
